 Dungeon Crawl Stone Soup version 0.30-a0-626-gd6a5dd7a1f (webtiles) character file.

Game seed: 6884700309061537033

204193 Mitcholas the Markself (level 18, -5/116 HPs)
             Began as a Deep Elf Hunter on Jan 10, 2023.
             Was the Champion of Okawaru.
             Killed from afar by a salamander tyrant (26 damage)
             ... with a flame surge
             ... on level 3 of the Snake Pit on Jan 11, 2023.
             The game lasted 02:39:47 (31733 turns).

Mitcholas the Markself (Deep Elf Hunter)           Turns: 31733, Time: 02:39:48

Health: -5/116     AC: 23    Str: 12    XL:     18   Next: 0%
Magic:  34/34      EV: 22    Int: 17    God:    Okawaru [******]
Gold:   2189       SH:  5    Dex: 24    Spells: 29/37 levels left

rFire   . . .      SeeInvis .    J - +6 arbalest (freeze)
rCold   . . .      Faith    .    (shield currently unavailable)
rNeg    . . .      Spirit   .    U - +0 swamp dragon scales
rPois   +          Reflect  +    (no helmet)
rElec   .          Harm     .    j - scarf {repulsion}
rCorr   .          Rampage  .    f - +3 pair of gauntlets of War {Slay+5}
Will    +....                    Q - +0 pair of boots "Xonidin" {Fly Str+4 Stlth-}
Stlth   +                        m - amulet of reflection
HPRegen 0.39/turn                h - +4 ring of protection
MPRegen 0.24/turn                p - +4 ring of protection

@: weakened, flying, repel missiles
A: no striking features
}: 1/15 runes: decaying
a: Renounce Religion, Heroism, Finesse, Duel


You were on level 3 of the Snake Pit.
You worshipped Okawaru.
Okawaru was exalted by your worship.
You visited 7 branches of the dungeon, and saw 31 of its levels.
You also visited: Sewer, Ice Cave and Volcano.

You collected 4346 gold pieces.
You spent 2157 gold pieces at shops.

Inventory:

Hand Weapons
 J - a +6 arbalest of freezing (weapon)
Missiles
 d - 7 datura-tipped darts
 y - 4 curare-tipped darts
 R - a throwing net
Armour
 a - the +2 robe of Dyspraxia {rF+ rCorr Str-2 Slay+6}
   (Okawaru gifted it to you on level 2 of the Lair of Beasts)

   Str:       It affects your strength (-2).
   Slay:      It affects your accuracy & damage with ranged weapons and melee
   (+6).
   rF:        It protects you from fire.
   rCorr:     It protects you from acid and corrosion.
 f - the +3 pair of gauntlets of War (worn) {Slay+5}
   (You bought it in a shop on level 3 of the Dungeon)

   Slay:      It affects your accuracy & damage with ranged weapons and melee
   (+5).
 j - a scarf of repulsion (worn)
 I - the -1 hat of the True Pharaoh {Dex+4}
   (Okawaru gifted it to you on level 4 of the Lair of Beasts)

   Dex:       It affects your dexterity (+4).
 Q - the +0 pair of boots "Xonidin" (worn) {Fly Str+4 Stlth-}
   (You found it on level 5 of the Lair of Beasts)

   Str:       It affects your strength (+4).
   Fly:       It grants you flight.
   Stlth:     It makes you less stealthy.
 S - the +2 hat of Poecwebi {rC+}
   (Okawaru gifted it to you on level 3 of the Snake Pit)

   rC:        It protects you from cold.
 U - +0 swamp dragon scales (worn)
Jewellery
 h - a +4 ring of protection (left hand)
 m - an amulet of reflection (around neck)
 p - a +4 ring of protection (right hand)
 t - a ring of resist corrosion
 G - a ring of fire
 M - a ring of see invisible
 O - a ring of protection from cold
Wands
 k - a wand of mindburst (14)
 r - a wand of polymorph (17)
 A - a wand of flame (23)
 C - a wand of roots (21)
 N - a wand of paralysis (30)
Scrolls
 b - 10 scrolls of immolation
 c - a scroll of magic mapping
 g - 2 scrolls of enchant armour
 n - 4 scrolls of fear
 z - 6 scrolls of amnesia
 D - 6 scrolls of poison
 E - 7 scrolls of teleportation
 F - 3 scrolls of blinking
 L - 16 scrolls of identify
 P - 3 scrolls of fog
 T - a scroll of silence
Potions
 e - 8 potions of haste
 i - 7 potions of brilliance
 l - 7 potions of flight
 o - 7 potions of mutation
 q - 5 potions of resistance
 s - 11 potions of curing
 u - 3 potions of lignification
 v - 8 potions of heal wounds
 w - 7 potions of might
 x - 8 potions of magic
 B - a potion of invisibility
 H - 6 potions of cancellation
 K - 2 potions of berserk rage


   Skills:
 + Level 13.9 Fighting
 - Level 20.0 Ranged Weapons
 - Level 8.0 Armour
 - Level 15.4 Dodging
 - Level 4.0 Stealth
 - Level 10.0 Spellcasting
 - Level 6.0 Hexes
 * Level 8.2 Necromancy
 - Level 6.0 Translocations
 * Level 7.5 Earth Magic
 - Level 13.0 Invocations
 - Level 8.0 Evocations


You had 29 spell levels left.
You knew the following spells:

 Your Spells              Type           Power      Damage    Failure   Level
b - Portal Projectile     Hex/Tloc       56%        N/A       4%          3
d - Borgnjor's Vile Clut  Necr/Erth      17%        N/A       19%         5

Your spell library contained the following spells:

 Spells                   Type           Power      Damage    Failure   Level
 Necrotise                Necr           100%       1d9       1%          1
 Sandblast                Erth           68%        2d15      1%          1
 Sublimation of Blood     Necr           36%        N/A       1%          2
 Vampiric Draining        Necr           36%        2d8       1%          3
 Kiss of Death            Conj/Necr      88%        2d12      3%          1
 Confusing Touch          Hex            28%        N/A       4%          3
 Passwall                 Tmut/Erth      17%        N/A       5%          2
 Dispel Undead            Necr           36%        3d15      5%          4
 Ensorcelled Hibernation  Hex/Ice        36%        N/A       8%          2
 Stone Arrow              Conj/Erth      42%        3d9       11%         3
 Leda's Liquefaction      Hex/Erth       15%        N/A       11%         4
 Dazzling Flash           Conj/Hex       36%        N/A       14%         3
 Agony                    Necr           36%        N/A       16%         5
 Lee's Rapid Deconstruct  Erth           17%        3d10*     22%         5
 Petrify                  Tmut/Erth      21%        N/A       34%         4
 Frozen Ramparts          Ice            16%        1d3       45%         3
 Hailstorm                Conj/Ice       8%         3d4       45%         3
 Ozocubu's Armour         Ice            8%         N/A       45%         3
 Metabolic Englaciation   Hex/Ice        9%         N/A       80%         5
 Silence                  Hex/Air        9%         N/A       80%         5
 Airstrike                Air            4%         2d(1-17)  86%         4
 Ice Form                 Ice/Tmut       8%         N/A       86%         4
 Alistair's Intoxication  Tmut/Pois      5%         N/A       99%         5
 Blade Hands              Tmut           4%         N/A       99%         5
 Freezing Cloud           Conj/Ice/Air   4%         6-21      99%         5
 Irradiate                Conj/Tmut      4%         3d13      99%         5
 Lightning Bolt           Conj/Air       4%         1d15      99%         5
 Statue Form              Tmut/Erth      14%        N/A       99%         6
 Eringya's Noxious Bog    Tmut/Pois      4%         N/A       100%        6
 Starburst                Conj/Fire      4%         6d3       100%        6
 Polar Vortex             Ice            4%         N/A       100%        9
 Tukima's Dance           Hex            Unusable   N/A       N/A         3
 Summon Guardian Golem    Hex/Summ       Unusable   N/A       N/A         3
 Animate Armour           Summ/Erth      Unusable   N/A       N/A         4
 Summon Forest            Summ/Tloc      Unusable   N/A       N/A         5
 Summon Mana Viper        Hex/Summ       Unusable   N/A       N/A         5
 Summon Ice Beast         Ice/Summ       Unusable   N/A       N/A         4
 Summon Lightning Spire   Summ/Air       Unusable   N/A       N/A         4
 Simulacrum               Ice/Necr       Unusable   N/A       N/A         6
 Summon Hydra             Summ           Unusable   N/A       N/A         7

Dungeon Overview and Level Annotations

Branches:
Dungeon (15/15)            Temple (1/1) D:6            Lair (5/5) D:11
  Swamp (4/4) Lair:2        Snake (3/4) Lair:3        Slime (0/5) Lair:4
    Orc (2/2) D:9             Elf (1/3) Orc:2        Vaults (0/5) D:14
 Depths (0/4) D:15          Sewer (visited)           IceCv (visited)
Volcano (visited)

Altars:
Ashenzari
Cheibriados
Dithmenos
Elyvilon
Fedhas
Gozag
Hepliaklqana
Kikubaaqudgha
Makhleb
Nemelex Xobeh
Okawaru
Qazlal
Ru
Sif Muna
Trog
Uskayaw
Vehumet
Wu Jian
Xom
Yredelemnul
Zin
The Shining One
Jiyva

Shops:
D:3 [   Orc:2 ?*=[

Annotations:
Lair:1 exclusion: oklob plant
Elf:1 6 runed translucent doors


Message History

The bolt freezes the naga warrior!
The naga warrior is almost dead.
The salamander tyrant gazes fiercely through you!
You feel your attacks grow feeble.
You shoot a bolt. The bolt hits the naga warrior!!
The bolt freezes the naga warrior.
You kill the naga warrior!
Okawaru accepts your kill.
A salamander comes into view. It is wielding a +0 halberd of venom.
You have reached level 18!
You shoot a bolt. The bolt hits the salamander tyrant!
The bolt freezes the salamander tyrant.
The salamander tyrant is lightly wounded.
You shoot a bolt. The bolt hits the salamander tyrant!
The bolt freezes the salamander tyrant!
The salamander tyrant is heavily wounded.
A black mamba comes into view.
The salamander tyrant gazes fiercely through you!
You feel as though you will be weak longer.
The black mamba moves out of view.
A naga ritualist comes into view. It is wielding a +0 flail.
The salamander tyrant gazes fiercely through you!
You feel as though you will be weak longer.
The naga ritualist moves out of view.
The salamander tyrant rends the earth beneath you!
The blast of magma engulfs you!!!
You hear a shout! x2; You hear an angry hiss.
Things that are here:
a +0 war axe; a +0 robe; a naga skeleton A black mamba comes into view.
A black mamba comes into view.
An anaconda comes into view.
The salamander tyrant rends the earth beneath you!
The blast of magma engulfs you!!
* * * LOW HITPOINT WARNING * * *
The black mamba moves out of view.
You hear an angry hiss. x4; You hear a shout!
There is a stone staircase leading up here.
The salamander tyrant calls gouts of flame from the lava!
The flame surge hits you!!
You die...

....).)#.#.##...#.#####
...)...)..............##
#####S.N..)######.###...
#....##.N.....##.# ####
#.#...##N≈....##.# #. #
#...##.≈.>..##.#####.
#....).÷.............
#...........##.######
###S@...#...##.#
#....≈≈......###.#
......#...###.....#
.##...#...# #######
#...##### ###


You could see a salamander tyrant, a salamander, an anaconda and a black mamba.

Vanquished Creatures
  Mara (Swamp:3)
  Vashnia (Snake:2)
  Saint Roka (Orc:2)
  Jorgrun (Orc:2)
  Asterion (Snake:2)
  Kirke (D:14)
  Roxanne (Snake:2)
  A frost giant (IceCv)
  The ghost of Iich the Severer, a journeyman DsBe of Trog (Orc:1)
  Aizul (Snake:2)
  An orc warlord (Orc:1)
  3 ghouls (Swamp:1)
  4 eleionomae
  The ghost of Alacron the Executioner, a journeyman MiBe of Trog (Orc:2)
  2 bunyips
  2 ettins
  A shambling mangrove (Swamp:4)
  8 vault guards (D:14)
  21 hydras
  A ghost crab (Swamp:1)
  7 centaur warriors
  5 anacondas (Snake:1)
  13 alligators
  2 catoblepae
  2 two-headed ogres
  2 boulder beetles
  11 death yaks
  3 tengu warriors
  9 orc high priests (Orc:2)
  3 naga warriors
  Urug (D:10)
  2 spriggan berserkers (Swamp:4)
  10 naga sharpshooters
  A salamander mystic (Snake:3)
  3 shock serpents
  19 spriggans
  A sea snake (shapeshifter) (D:13)
  4 goliath frogs
  8 swamp dragons
  3 spriggan druids
  A necromancer (D:15)
  11 bog bodies
  4 deep elf pyromancers
  3 naga ritualists (Snake:1)
  2 orc knights
  A wizard (D:15)
  5 mana vipers
  4 orc sorcerers
  4 cyclopes
  3 will-o-the-wisps (Swamp:1)
  7 manticores
  4 ugly things
  7 salamanders
  19 elephants
  7 spectral spriggans (Swamp:1)
  A guardian serpent (Snake:1)
  A molten gargoyle (Lair:2)
  24 black mambas
  An ice statue (IceCv)
  A smoke demon (Volcano)
  A gargoyle (D:14)
  2 torpor snails
  8 naga magi
  15 cane toads
  7 rime drakes
  A komodo dragon (shapeshifter) (D:13)
  2 yaktaurs
  A freezing wraith (Swamp:1)
  A kobold demonologist (D:14)
  14 komodo dragons
  2 unseen horrors (D:11)
  A red devil (Volcano)
  2 tengu conjurers (D:14)
  6 meliai (D:13)
  11 trolls
  13 polar bears
  8 tyrant leeches
  5 bloated husks
  A wolf spider simulacrum (D:14)
  11 hornets
  8 dream sheep (Lair:5)
  5 blink frogs (Lair:5)
  10 slime creatures
  A vampire (D:12)
  5 wyverns
  A water elemental (D:12)
  3 wraiths
  52 yaks
  A fire elemental (Lair:2)
  2 hogs (D:14)
  5 basilisks
  3 steam dragons
  3 humans (D:14)
  4 fire bats
  17 vampire mosquitoes
  13 nagas
  Menkaure (D:7)
  12 wargs
  14 swamp worms
  3 hell hounds (Volcano)
  21 water moccasins
  3 swamp drakes
  2 ice beasts
  27 orc warriors
  12 black bears
  6 ogres
  40 wolves
  3 boggarts (Lair:5)
  14 centaurs
  7 kobold brigands
  A phantom (D:5)
  2 gnoll sergeants (D:9)
  A scorpion (D:4)
  3 necrophages
  A two-headed ogre simulacrum (D:12)
  13 bullfrogs
  16 killer bees
  5 electric eels
  3 howler monkeys
  A lava snake (Orc:1)
  A hound (D:6)
  2 gnoll boudas
  6 jellies
  41 orc priests
  6 iguanas
  27 orc wizards
  7 hell rats (Lair:5)
  A wolf simulacrum (D:12)
  3 spriggan simulacra (D:12)
  A troll simulacrum (D:12)
  5 gnolls (D:5)
  2 naga simulacra (D:12)
  8 adders
  A shadow imp (D:7)
  A white imp (D:6)
  2 ufetubi
  3 worms
  2 dart slugs
  113 orcs
  7 bats
  9 endoplasms
  2 giant cockroaches
  8 goblins
  7 hobgoblins
  A jackal (D:2)
  3 quokkas
  9 ball pythons
  3 frilled lizards
  22 kobolds
  11 rats
1043 creatures vanquished.

Vanquished Creatures (others)
  A will-o-the-wisp (Swamp:3)
  2 bloated husks
  A boggart (Lair:5)
  An orc (Orc:2)
  4 foxfires (Swamp:3)
  93 fungi
  116 plants
218 creatures vanquished.

Grand Total: 1261 creatures vanquished

Notes
Turn   | Place    | Note
-------+----------+-------------------------------------------
     0 | D:1      | Mitcholas the Deep Elf Hunter began the quest for the Orb.
     0 | D:1      | Reached XP level 1. HP: 12/12 MP: 3/3
   152 | D:1      | Reached XP level 2. HP: 16/17 MP: 4/4
   773 | D:2      | Reached XP level 3. HP: 9/21 MP: 5/5
   834 | D:2      | Found a faded altar of an unknown god.
   849 | D:2      | Reached skill level 6 in Ranged Weapons
  1554 | D:3      | Found Qiask's Antique Armour Shop.
  1748 | D:3      | Reached XP level 4. HP: 26/26 MP: 6/6
  1844 | D:3      | Found a broken altar of Ashenzari.
  1844 | D:3      | Found a hide-covered altar of Uskayaw.
  2612 | D:4      | Found a glowing drain.
  2640 | D:4      | Noticed a necrophage
  2647 | D:4      | Killed a necrophage
  2648 | D:4      | Reached skill level 7 in Ranged Weapons
  2648 | D:4      | Reached XP level 5. HP: 30/31 MP: 7/7
  2663 | Sewer    | Entered a sewer
  3077 | D:4      | Found a blossoming altar of Fedhas.
  3741 | D:5      | Entered Level 5 of the Dungeon
  3772 | D:5      | Reached XP level 6. HP: 36/36 MP: 8/8
  3842 | D:5      | Noticed a komodo dragon
  3847 | D:5      | Noticed a troll
  3929 | D:5      | Reached skill level 8 in Ranged Weapons
  3967 | D:5      | Reached XP level 7. HP: 21/41 MP: 9/9
  4107 | D:5      | Reached skill level 5 in Dodging
  4136 | D:5      | Reached skill level 9 in Ranged Weapons
  4430 | D:5      | Killed a komodo dragon
  4431 | D:5      | Reached XP level 8. HP: 48/48 MP: 10/10
  4503 | D:5      | Killed a troll
  4504 | D:5      | Reached skill level 10 in Ranged Weapons
  4776 | D:5      | Reached skill level 11 in Ranged Weapons
  4880 | D:6      | Found a staircase to the Ecumenical Temple.
  4894 | Temple   | Entered the Ecumenical Temple
  5069 | D:6      | Found an iron altar of Okawaru.
  5077 | D:6      | Became a worshipper of Warmaster Okawaru
  5253 | D:6      | Reached XP level 9. HP: 47/53 MP: 11/11
  5352 | D:6      | Reached skill level 5 in Fighting
  5507 | D:6      | Reached * piety under Okawaru
  5525 | D:6      | Reached skill level 12 in Ranged Weapons
  5525 | D:6      | Reached skill level 1 in Invocations
  5525 | D:6      | Reached skill level 1 in Evocations
  5887 | D:7      | Found a glowing silver altar of Zin.
  5978 | D:7      | Found a white marble altar of Elyvilon.
  6012 | D:7      | Found a bloodstained altar of Trog.
  6274 | D:7      | Noticed Menkaure
  6283 | D:7      | Killed Menkaure
  7101 | D:8      | Reached skill level 1 in Armour
  7118 | D:8      | Identified the +3 robe of Kinur {Str+4}
  7833 | D:9      | Reached skill level 13 in Ranged Weapons
  7855 | D:9      | Reached ** piety under Okawaru
  7861 | D:9      | Reached XP level 10. HP: 56/60 MP: 14/14
  8060 | D:9      | Found a glowing golden altar of the Shining One.
  8154 | D:9      | Reached *** piety under Okawaru
  8342 | D:9      | Noticed a two-headed ogre
  8349 | D:9      | Killed a two-headed ogre
  8350 | D:9      | Reached skill level 14 in Ranged Weapons
  8418 | D:9      | Reached **** piety under Okawaru
  8420 | D:9      | Found a staircase to the Orcish Mines.
  8787 | D:10     | Entered Level 10 of the Dungeon
  8790 | D:10     | Reached skill level 5 in Evocations
  8836 | D:9      | Reached skill level 5 in Invocations
  9162 | D:10     | Noticed Urug
  9178 | D:10     | Killed Urug
  9179 | D:10     | Reached XP level 11. HP: 60/66 MP: 16/16
  9950 | D:11     | Reached skill level 15 in Ranged Weapons
 10193 | D:11     | Found a staircase to the Lair.
 10211 | D:11     | Reached ***** piety under Okawaru
 10315 | D:11     | Learned a level 3 spell: Portal Projectile
 10477 | D:11     | Noticed a cyan ugly thing
 10481 | D:11     | Killed a cyan ugly thing
 10833 | Lair:1   | Entered Level 1 of the Lair of Beasts
 10860 | Lair:1   | Reached skill level 16 in Ranged Weapons
 10965 | Lair:1   | Noticed an oklob plant
 11103 | Lair:1   | Found the +8 trident of the Octopus King {venom, rElec
                  | rPois}
 11179 | Lair:1   | Received a gift from Okawaru
 11341 | Lair:1   | Received a gift from Okawaru
 11663 | Lair:2   | Noticed a seven-headed hydra
 11701 | Lair:2   | Noticed an eight-headed hydra
 11714 | Lair:2   | Killed an eight-headed hydra
 11715 | Lair:2   | Reached XP level 12. HP: 72/72 MP: 19/19
 11787 | Lair:2   | Reached skill level 17 in Ranged Weapons
 11900 | Lair:2   | Killed a seven-headed hydra
 11943 | Lair:2   | Noticed a catoblepas
 11948 | Lair:2   | Killed a catoblepas
 11948 | Lair:2   | Reached ****** piety under Okawaru
 12067 | Lair:2   | Found a staircase to the Swamp.
 12558 | Lair:2   | Identified the +2 robe of Dyspraxia {rF+ rCorr Str-2
                  | Slay+6} (Okawaru gifted it to you on level 2 of the Lair of
                  | Beasts)
 12558 | Lair:2   | Received a gift from Okawaru
 12565 | Lair:2   | Reached skill level 1 in Spellcasting
 12565 | Lair:2   | Reached skill level 1 in Hexes
 12718 | Lair:3   | Reached skill level 1 in Translocations
 12781 | Lair:3   | Reached skill level 18 in Ranged Weapons
 13421 | Lair:3   | Found a staircase to the Snake Pit.
 13472 | Lair:3   | Noticed a death yak
 13474 | Lair:3   | Noticed a death yak
 13488 | Lair:3   | Killed a death yak
 13490 | Lair:3   | Noticed a death yak
 13492 | Lair:3   | Killed a death yak
 13493 | Lair:3   | Reached XP level 13. HP: 79/79 MP: 15/21
 13620 | Lair:3   | Reached skill level 10 in Dodging
 14138 | Lair:4   | Found a dark tunnel.
 14148 | Volcano  | Entered a volcano
 14623 | Lair:4   | Found a staircase to the Slime Pits.
 14623 | Lair:4   | Found a viscous altar of Jiyva.
 14679 | Lair:4   | Identified the -1 hat of the True Pharaoh {Dex+4} (Okawaru
                  | gifted it to you on level 4 of the Lair of Beasts)
 14679 | Lair:4   | Received a gift from Okawaru
 14839 | Lair:4   | Reached skill level 10 in Invocations
 15297 | Lair:5   | Entered Level 5 of the Lair of Beasts
 15462 | Lair:5   | Reached skill level 10 in Fighting
 15954 | Lair:5   | Identified the +0 pair of boots "Xonidin" {Fly Str+4
                  | Stlth-}
 16100 | Lair:4   | Reached XP level 14. HP: 88/88 MP: 23/23
 16114 | Lair:4   | Received a gift from Okawaru
 16362 | D:3      | Bought the +3 pair of gauntlets of War {Slay+5} for 1045
                  | gold pieces
 16362 | D:3      | Found the +3 pair of gauntlets of War {Slay+5}
 17530 | Snake:1  | Entered Level 1 of the Snake Pit
 17598 | Swamp:1  | Entered Level 1 of the Swamp
 17598 | Swamp:1  | You are sucked into a shaft and drop 1 floor!
 17736 | Swamp:1  | Identified the +11 scale mail "Sorchixia" {-Cast rElec rC+
                  | Str+4} (Okawaru gifted it to you on level 1 of the Swamp)
 17736 | Swamp:1  | Received a gift from Okawaru
 18027 | Swamp:1  | Noticed a ghoul
 18027 | Swamp:1  | Noticed a ghoul
 18033 | Swamp:1  | Noticed a ghoul
 18036 | Swamp:1  | Killed a ghoul
 18037 | Swamp:1  | Reached skill level 5 in Spellcasting
 18086 | Swamp:1  | Killed a ghoul
 18112 | Swamp:1  | Killed a ghoul
 18429 | Swamp:1  | Reached skill level 5 in Armour
 18710 | Swamp:1  | Upgraded the game from 0.30-a0-622-gddc90eaa04 to
                  | 0.30-a0-626-gd6a5dd7a1f
 19008 | Swamp:2  | Reached XP level 15. HP: 96/96 MP: 26/26
 19485 | Orc:1    | Entered Level 1 of the Orcish Mines
 19510 | Orc:1    | Found a large runed translucent door.
 19511 | Orc:1    | Found a large runed translucent door.
 19514 | Orc:1    | Noticed Iich's ghost (journeyman DsBe)
 19524 | Orc:1    | You are sucked into a shaft and drop 1 floor!
 19524 | Orc:2    | Entered Level 2 of the Orcish Mines
 19631 | Orc:2    | Noticed Saint Roka
 19656 | Orc:2    | Found a staircase to the Elven Halls.
 19661 | Elf:1    | Entered Level 1 of the Elven Halls
 19661 | Elf:1    | Found a runed translucent gate.
 19661 | Elf:1    | Found a runed translucent gate.
 19661 | Elf:1    | Found a runed translucent gate.
 19661 | Elf:1    | Found a runed translucent gate.
 19661 | Elf:1    | Found a runed translucent gate.
 19661 | Elf:1    | Found a runed translucent gate.
 19833 | Orc:2    | Found a runed translucent gate.
 19834 | Orc:2    | Found a runed translucent gate.
 19842 | Orc:2    | Noticed Jorgrun
 19847 | Orc:2    | Found a runed translucent gate.
 19849 | Orc:2    | Found an opulent altar of Gozag.
 19852 | Orc:2    | Noticed Alacron's ghost (journeyman MiBe)
 19884 | Orc:1    | Identified the +7 longbow of the Reaper {freeze, MP+9
                  | Str+6} (Okawaru gifted it to you on level 1 of the Orcish
                  | Mines)
 19884 | Orc:1    | Received a gift from Okawaru
 20061 | Orc:1    | Reached skill level 5 in Hexes
 20755 | Orc:2    | Killed Saint Roka
 20756 | Orc:2    | Reached skill level 5 in Translocations
 21011 | Orc:2    | Killed Jorgrun
 21442 | Orc:2    | Received a gift from Okawaru
 21475 | Orc:2    | Found Lidueto's Antique Armour Emporium.
 21475 | Orc:2    | Found Ixoscheid's Jewellery Boutique.
 21574 | Orc:2    | Found Siel's Assorted Antiques.
 21608 | Orc:2    | Found Lisine's Magic Scroll Boutique.
 21972 | Orc:2    | Bought a polished scale mail for 252 gold pieces
 21972 | Orc:2    | Identified the +2 scale mail of the Trilobite {Harm rN+}
                  | (You bought it in a shop on level 2 of the Orcish Mines)
 21972 | Orc:2    | Bought a pair of smoking gloves for 266 gold pieces
 21972 | Orc:2    | Identified the +0 pair of gloves "Cethrib" {rF+} (You
                  | bought it in a shop on level 2 of the Orcish Mines)
 22005 | Orc:2    | Bought a faintly humming leather armour for 182 gold pieces
 22005 | Orc:2    | Identified the +0 leather armour "Fase" {rF- Regen+ Dex+5
                  | Stlth+} (You bought it in a shop on level 2 of the Orcish
                  | Mines)
 22037 | Orc:2    | Bought a scroll of enchant weapon for 112 gold pieces
 22037 | Orc:2    | Bought a scroll of teleportation for 45 gold pieces
 22037 | Orc:2    | Bought a scroll of teleportation for 45 gold pieces
 22133 | Orc:2    | Killed Alacron's ghost
 22210 | Orc:2    | Bought a scroll of enchant weapon for 210 gold pieces
 22605 | Orc:1    | Killed Iich's ghost
 22860 | D:12     | Found a frozen archway.
 22892 | IceCv    | Entered an ice cave
 22919 | IceCv    | Reached skill level 19 in Ranged Weapons
 23014 | IceCv    | Received a gift from Okawaru
 23162 | IceCv    | Noticed a frost giant
 23220 | IceCv    | Killed a frost giant
 24523 | D:13     | Reached XP level 16. HP: 104/104 MP: 27/27
 25149 | D:14     | Found a gate to the Vaults.
 25236 | D:14     | Noticed Kirke
 25238 | D:14     | Reached skill level 20 in Ranged Weapons
 25241 | D:14     | Noticed a sphinx
 25509 | D:14     | Got the Anthology of Adjuration and Imprecation
 25512 | D:14     | Got Zofaujas's Anthology of Bruises and Convocation
 25586 | D:14     | Received a gift from Okawaru
 25595 | D:14     | Killed Kirke
 26116 | D:15     | Entered Level 15 of the Dungeon
 26213 | D:15     | Identified the +2 robe "Sustuinu" {rPois Str-2 Int+4}
 26346 | D:15     | Found a radiant altar of Vehumet.
 26409 | D:15     | Found a staircase to the Depths.
 26572 | D:15     | Learned a level 5 spell: Borgnjor's Vile Clutch
 26878 | Swamp:2  | Reached skill level 1 in Necromancy
 26907 | Swamp:2  | Reached skill level 1 in Earth Magic
 27587 | Swamp:3  | Noticed Mara
 27603 | Swamp:3  | Noticed Mitcholas's illusion
 27606 | Swamp:3  | Killed Mara
 27606 | Swamp:3  | Received a gift from Okawaru
 28027 | Swamp:4  | Entered Level 4 of the Swamp
 28059 | Swamp:4  | Reached XP level 17. HP: 109/109 MP: 29/29
 28155 | Swamp:4  | Reached skill level 15 in Dodging
 28728 | Swamp:4  | Reached skill level 5 in Necromancy
 28977 | Swamp:4  | Reached skill level 5 in Earth Magic
 28984 | Swamp:4  | Got a decaying rune of Zot
 29330 | Snake:1  | Received a gift from Okawaru
 29583 | Snake:1  | Identified the +7 hand axe of Slow Death {flame, rF++ MP-9
                  | Str+3}
 29848 | Snake:1  | Identified the +3 plate armour "Cesowaf" {rC++ Stlth+}
 30503 | Snake:2  | Noticed Aizul
 30513 | Snake:2  | Killed Aizul
 30707 | Snake:2  | Noticed Vashnia
 30734 | Snake:2  | Killed Vashnia
 30739 | Snake:2  | Reached skill level 10 in Spellcasting
 31125 | Snake:2  | Noticed Asterion
 31133 | Snake:2  | Killed Asterion
 31159 | Snake:2  | Noticed Roxanne
 31168 | Snake:2  | Killed Roxanne
 31538 | Snake:3  | Identified 2 scrolls of acquirement
 31539 | Snake:3  | Acquired 1007 gold pieces
 31540 | Snake:3  | Acquired 368 gold pieces
 31615 | Snake:3  | Identified the +2 hat of Poecwebi {rC+} (Okawaru gifted it
                  | to you on level 3 of the Snake Pit)
 31615 | Snake:3  | Received a gift from Okawaru
 31726 | Snake:3  | Reached XP level 18. HP: 87/116 MP: 34/34
 31733 | Snake:3  | Killed from afar by a salamander tyrant

Illustrated notes

Levels and vault maps discovered:
D:1:      dpeg_arrival_lava_temple_mockup, layout_loops_ring
D:2:      minmay_door_path, layout_loops_ring,
          shapermc_ecumenical_altar_mp_urbaneastern, minmay_surrounded
D:3:      layout_loops_corners, mainiacjoe_overflow_divided_tiny, serial_shops,
          nicolae_shop_advertising_works [nicolae_subvault_shop_adworks]
D:4:      layout_basic, mainiacjoe_overflow_six_doors_small,
          portal_sewer_entry_a
D:5:      cheibrodos_fzero, layout_rooms, eino_small_chamber_without_monster
D:6:      layout_basic, kennysheep_okawaru_gauntlet,
          minmay_temple_entry_antechambers
D:7:      layout_loops_corners, mainiacjoe_overflow_large_starburst,
          zin_academy, uniq_menkaure
D:8:      layout_basic, corexii_corridor_pit
D:9:      minmay_recursive_quarters, layout_irregular_city, tso_metal_star,
          david_orc_5
D:10:     layout_stronghold, uniq_urug
D:11:     layout_loops_corners, due_lair_maze_entry_diamond
D:12:     layout_layer_cave, serial_ice, serial_ice_j, serial_ice_d,
          serial_ice_a, serial_ice_f, portal_ice_cave_entry_ice_simulacra
D:13:     layout_cave_pools
D:14:     minmay_the_grid_triangle_9x9_rhombus_thin_mashed
          [minmay_the_grid_triangle_9x9_stretched_checkered,
          minmay_the_grid_triangle_9x9_prize_center,
          minmay_the_grid_triangle_9x9_corruption,
          minmay_the_grid_triangle_9x9_zippers_vertical], layout_irregular_city,
          erik_vaults_2, uniq_kirke
D:15:     hangedman_depths_entry_civil_slaughter, layout_cave_pools,
          nicolae_vehumet_altar_sigil
Temple:   nicolae_temple_two_arcs
Lair:1:   layout_regular_city, grunt_megastairs_5
Lair:2:   layout_gridlike, swamp_mist_pool, fungi_pond_lemuel,
          beast_lair_carwin_5, serial_bayou_shore_a
Lair:3:   layout_regular_city, minmay_snake_entry_six_corridors,
          grunt_megastairs_1, lemuel_fruit_tree
Lair:4:   layout_roguey, minmay_slime_entry_pillars,
          nicolae_volcano_entry_batcave
Lair:5:   minmay_lair_end_enchanted_forest, layout_small_grid
Swamp:1:  nicolae_swamp_flooded_prison, layout_basic_swamp,
          evilmike_swamp_ruin_house_3, swamp_pool2
Swamp:2:  layout_basic_swamp, infiniplex_staircase_pool, swamp_pool2,
          st_swamp_ruins_3
Swamp:3:  layout_basic_swamp, evilmike_swamp_ruin_house_5, swamp_pool4,
          ldierk_geyser, uniq_mara
Swamp:4:  swamp_basic_johnstein, layout_basic_swamp, swamp_pool1,
          nicolae_swamp_big_swirl
Snake:1:  layout_concentric_octagons, fake_guardian_serpent_vault
Snake:2:  layout_misc_corridors, uniq_vashnia, uniq_asterion, uniq_aizul,
          uniq_roxanne
Snake:3:  layout_misc_corridors
Orc:1:    layout_diamond_mine, ebering_ghost_disaster_area,
          nicolae_orc_lava_tube
Orc:2:    st_orc_town, layout_caves, ebering_ghost_gozag, uniq_saint_roka,
          uniq_jorgrun
Elf:1:    nicolae_elf_arrival_dilemma, layout_onion_city, minmay_elf_necromancy

Skill      XL: |  1  2  3  4  5  6  7  8  9 10 11 12 13 14 15 16 17 |
---------------+----------------------------------------------------+-----
Stealth        | 2 3 4 |  4.0
Fighting       | 2 3 4 5 6 7 8 10 11 13 | 13.9
Ranged Weapons | 6 7 8 9 11 13 14 16 18 19 20 | 20.0
Dodging        | 3 4 5 7 9 13 14 15 | 15.4
Invocations    | 3 5 7 9 10 12 13 | 13.0
Evocations     | 3 5 6 7 8 |  8.0
Armour         | 1 3 4 5 6 7 8 |  8.0
Spellcasting   | 4 6 7 10 | 10.0
Hexes          | 2 4 5 6 |  6.0
Translocations | 2 4 5 6 |  6.0
Necromancy     | 3 8 |  8.2
Earth Magic    | 3 7 |  7.5

Action                   |  1- 3 |  4- 6 |  7- 9 | 10-12 | 13-15 | 16-18 || total
-------------------------+-------+-------+-------+-------+-------+-------++-------
 Fire: Shortbow          |   112 |   145 |   247 |       |       |       ||   504
       Arbalest          |       |       |    51 |   559 |  1071 |   772 ||  2453
Throw: Dart              |       |     8 |    14 |     1 |       |       ||    23
 Cast: Portal Projectile |       |       |       |       |     4 |     1 ||     5
Invok: Heroism           |       |       |     1 |     4 |     2 |     1 ||     8
       Finesse           |       |       |       |     1 |       |     1 ||     2
Evoke: Wand              |       |     1 |       |     2 |     2 |     3 ||     8
  Use: Scroll            |       |     9 |     9 |     8 |    13 |     3 ||    42
       Potion            |       |       |       |     3 |     1 |     1 ||     5
Armor: Leather armour    |    12 |    23 |     4 |       |       |       ||    39
       Troll leather arm |       |       |    33 |    57 |       |       ||    90
       Robe              |       |       |       |    15 |    56 |    22 ||    93
       Swamp dragon scal |       |       |       |       |       |    25 ||    25
Dodge: Dodged            |    30 |    53 |    82 |   274 |   374 |   275 ||  1088
       Repelled          |       |       |       |       |     6 |     8 ||    14
Block: Other             |       |    17 |    29 |    76 |    96 |    44 ||   262
       Reflection        |       |     1 |     3 |     2 |     4 |    14 ||    24

Table legend: (Time is in decaauts)
 A = Elapsed time spent in this place.
 B = Non-inter-level travel time spent in this place.
 C = Inter-level travel time spent in this place.
 D = Time resting spent in this place.
 E = Time spent auto-exploring this place.
 F = Levels seen in this place.
 G = Mean time per level.
                   A        B        C        D        E       F      G
               +--------+--------+--------+--------+--------+-----+--------+
         Total |  31991 |  29367 |   2624 |   5096 |  17163 |  34 |  940.9 |
       Dungeon |  14341 |  12918 |   1423 |    842 |   9374 |  15 |  956.1 |
        Temple |    117 |    111 |      6 |      0 |    104 |   1 |  117.0 |
          Lair |   6356 |   5766 |    590 |    855 |   3367 |   5 | 1271.2 |
         Swamp |   4117 |   3887 |    230 |   1315 |   1552 |   4 | 1029.2 |
     Snake Pit |   2641 |   2595 |     46 |    942 |   1143 |   3 |  880.3 |
  Orcish Mines |   3077 |   2749 |    328 |    874 |   1119 |   2 | 1538.5 |
   Elven Halls |    167 |    167 |      0 |    165 |      0 |   1 |  167.0 |
         Sewer |    279 |    279 |      0 |      0 |    125 |   1 |  279.0 |
      Ice Cave |    644 |    644 |      0 |    103 |    203 |   1 |  644.0 |
       Volcano |    245 |    245 |      0 |      0 |    175 |   1 |  245.0 |
               +--------+--------+--------+--------+--------+-----+--------+

Top non-repeatable levels by time:
  Lair:5: 1661 daAuts
   Orc:2: 1550 daAuts
   Orc:1: 1527 daAuts
 Swamp:1: 1432 daAuts
     D:4: 1431 daAuts
  Lair:3: 1350 daAuts
     D:9: 1341 daAuts
 Snake:1: 1318 daAuts
  Lair:2: 1310 daAuts
    D:10: 1098 daAuts
 Snake:2: 1093 daAuts
    D:11: 1072 daAuts
     D:7: 1066 daAuts
 Swamp:4: 1030 daAuts
    D:12: 1022 daAuts
